Map: Abyssal Reef LE

Players

GAMETIME - Winner!

  • Race: Zerg Zerg
  • Spawn Location: 5:00

MCanning

  • Race: Protoss Protoss
  • Spawn Location: 11:00

Event: WCS Austin 2017

VOD

Have the link to the VOD?

Description

Time

  • Played on: April 28, 2017, 1:23 p.m.
  • Length: 8:04

All games in this series

Show
View Real Time Build Order
Export as new Build Order

GAMETIME Zerg - Winner!

Build Orders: Hatch First 

Get SALT Encoding   

  12  0:00  Drone  
  13  0:11  Drone  
  14  0:20  Overlord  
  14  0:27  Extractor  
  14  0:28  Drone  
  15  0:38  Drone  
  15  0:39  Drone  
  17  0:55  Hatchery  
  16  0:58  Drone  
  16  1:02  Drone  
  18  1:12  Extractor  
  18  1:17  Spawning Pool  
  16  1:20  Drone  
  16  1:23  Drone  
  18  1:27  Drone  
  19  1:39  Drone  
  20  1:53  Hatchery  
  19  1:54  Drone  
  20  2:04  Queen  
  20  2:08  Drone  
  23  2:11  Drone  
  24  2:18  Metabolic Boost  
  24  2:24  Overlord  
  24  2:27  Drone  
  24  2:29  Drone  
  26  2:32  Drone  
  26  2:35  Drone  
  28  2:41  Queen  
  30  2:49  Queen  
  30  2:51  Zergling x2  
  33  2:53  Zergling x2  
  34  2:58  Overlord  
  34  3:00  Drone  
  34  3:01  Drone  
  34  3:05  Drone  
  37  3:06  Drone  
  38  3:13  Drone x2  
  38  3:14  Drone x2  
  38  3:19  Overlord  
  42  3:22  Zergling x2  
  42  3:23  Zergling x2  
  44  3:29  Overlord  
  44  3:30  Zergling x2  
  45  3:36  Spore Crawler x2  
  45  3:39  Spore Crawler  
  45  3:40  Drone  
  43  3:42  Drone  
  43  3:45  Drone x2  
  43  3:47  Drone  
  47  3:49  Drone  
  47  3:51  Drone  
  47  3:53  Drone  
  50  3:57  Drone  
  50  3:58  Drone  
  50  4:00  Overlord  
  52  4:04  Drone x2  
  52  4:08  Extractor  
  52  4:11  Lair  
  52  4:13  Drone  
  52  4:14  Drone  
  52  4:16  Extractor  
  52  4:17  Overlord  
  53  4:19  Drone  
  53  4:21  Drone  
  53  4:22  Drone  
  56  4:24  Drone  
  56  4:26  Drone  
  56  4:27  Drone  
  56  4:29  Overlord  
  58  4:33  Drone x2  
  58  4:34  Drone  
  58  4:35  Drone  
  58  4:37  Drone  
  62  4:44  Overlord  
  62  4:45  Drone x2, Extractor  
  61  4:48  Drone x2  
  61  4:49  Drone  
  63  4:54  Drone x3  
  66  5:00  Overlord, Zergling x2  
  66  5:01  Zergling x4  
  66  5:02  Zergling x2  
  66  5:04  Drone  
  66  5:05  Drone  
  72  5:13  Zergling x6  
  72  5:14  Zergling x4, Hydralisk Den  
  76  5:21  Overlord  
  76  5:25  Queen, Hatchery  
  77  5:31  Overlord  
  77  5:32  Zergling x4  
  77  5:33  Zergling x6  
  82  5:36  Overseer  
  82  5:37  Overlord  
  82  5:38  Overlord  
  82  5:40  Zergling x2  
  82  5:41  Zergling x2  
  82  5:42  Zergling x2  
  84  5:50  Muscular Augments, Hydralisk  
  84  5:51  Hydralisk x2  
  84  5:53  Hydralisk  
  84  5:55  Hydralisk  
  94  5:59  Hydralisk  
  94  6:00  Hydralisk  
  94  6:03  Hydralisk  
  100  6:05  Hydralisk  
  100  6:06  Hydralisk  
  100  6:09  Hydralisk  
  106  6:12  Hydralisk  
  106  6:14  Zergling x4  
  106  6:15  Zergling x2  
  106  6:16  Zergling x2  
  106  6:17  Zergling x2  
  112  6:20  Zergling x4  
  112  6:23  Evolution Chamber  
  112  6:24  Hydralisk  
  112  6:25  Hydralisk  
  117  6:28  Zergling x2  
  117  6:29  Zergling x2  
  117  6:31  Hydralisk  
  121  6:35  Overlord  
  121  6:36  Overlord  
  121  6:39  Hydralisk x2  
  124  6:40  Hydralisk  
  124  6:44  Hydralisk  
  128  6:54  Hydralisk x2  
  128  6:55  Zergling x2  
  128  6:56  Zergling x10  
  128  6:58  Hydralisk  
  128  7:00  Hydralisk  
  142  7:05  Hydralisk  
  143  7:11  Hydralisk  
  143  7:15  Zergling x18  
  140  7:22  Hydralisk x2  
  132  7:24  Zergling x8  
  132  7:26  Hydralisk  
  132  7:28  Hydralisk  
  140  7:36  Hydralisk  
  142  7:37  Zergling x2  
  142  7:38  Overlord x3  
Show
View Real Time Build Order
Export as new Build Order

MCanning Protoss 

Build Orders: 1 Gate Expand, Oracle Opening 

Get SALT Encoding   

  12  0:00  Probe (Chrono Boost)  
  13  0:11  Probe (Chrono Boost)  
  14  0:19  Pylon  
  14  0:22  Probe (Chrono Boost)  
  15  0:37  Probe (Chrono Boost)  
  15  0:38  Gateway  
  16  0:48  Probe (Chrono Boost)  
  16  0:49  Assimilator  
  17  0:58  Probe (Chrono Boost)  
  18  1:09  Probe (Chrono Boost)  
  19  1:22  Nexus  
  19  1:32  Cybernetics Core  
  19  1:35  Probe (Chrono Boost)  
  20  1:45  Probe (Chrono Boost)  
  20  1:46  Assimilator  
  21  1:56  Probe (Chrono Boost), Pylon  
  22  2:06  Probe (Chrono Boost)  
  23  2:17  Probe (Chrono Boost)  
  23  2:21  Stargate  
  24  2:23  Zealot  
  24  2:27  Probe (Chrono Boost)  
  24  2:28  Warp Gate  
  27  2:34  Probe (Chrono Boost)  
  28  2:38  Probe (Chrono Boost)  
  29  2:45  Probe (Chrono Boost)  
  29  2:48  Probe (Chrono Boost)  
  31  2:55  Probe (Chrono Boost)  
  32  2:59  Probe (Chrono Boost), Oracle  
  32  3:04  Pylon  
  36  3:07  Probe (Chrono Boost)  
  36  3:09  Probe (Chrono Boost)  
  38  3:19  Probe (Chrono Boost)  
  39  3:20  Mothership Core (Chrono Boost)  
  39  3:21  Pylon  
  41  3:31  Probe (Chrono Boost)  
  42  3:35  Void Ray  
  42  3:38  Probe (Chrono Boost)  
  47  3:43  Probe (Chrono Boost)  
  48  3:49  Probe (Chrono Boost)  
  50  3:55  Probe (Chrono Boost)  
  50  4:00  Probe (Chrono Boost)  
  51  4:07  Probe (Chrono Boost)  
  51  4:10  Probe (Chrono Boost)  
  51  4:16  Gateway  
  52  4:17  Pylon  
  52  4:20  Probe (Chrono Boost)  
  52  4:21  Probe (Chrono Boost)  
  54  4:30  Assimilator  
  55  4:31  Probe (Chrono Boost)  
  55  4:32  Probe (Chrono Boost)  
  55  4:33  Assimilator  
  55  4:42  Probe (Chrono Boost)  
  55  4:44  Probe (Chrono Boost)  
  57  4:50  Nexus  
  57  4:52  Probe (Chrono Boost)  
  58  4:53  Pylon x2  
  58  4:55  Fleet Beacon  
  58  4:56  Probe (Chrono Boost), Stargate  
  59  5:03  Probe (Chrono Boost)  
  61  5:08  Probe (Chrono Boost), Stargate  
  61  5:12  Forge  
  61  5:13  Probe (Chrono Boost)  
  62  5:16  Pylon  
  62  5:20  Probe (Chrono Boost)  
  63  5:24  Probe (Chrono Boost)  
  64  5:29  Protoss Air Weapons Level 1  
  64  5:30  Probe (Chrono Boost)  
  64  5:32  Carrier  
  64  5:35  Probe (Chrono Boost)  
  66  5:40  Assimilator  
  66  5:41  Probe (Chrono Boost)  
  73  5:45  Assimilator  
  73  5:47  Probe (Chrono Boost)  
  74  5:51  Photon Cannon  
  74  5:52  Probe (Chrono Boost)  
  75  5:59  Probe (Chrono Boost)  
  75  6:02  Probe (Chrono Boost)  
  77  6:06  Photon Cannon  
  77  6:08  Carrier  
  77  6:10  Photon Cannon  
  78  6:12  Probe (Chrono Boost), Photon Cannon  
  78  6:14  Photon Cannon  
  78  6:16  Photon Cannon  
  78  6:17  Graviton Catapult  
  84  6:30  Carrier  
  84  6:35  Probe (Chrono Boost)  
  92  6:41  Probe (Chrono Boost)  
  92  6:42  Probe (Chrono Boost)  
  94  6:47  Probe (Chrono Boost)  
  94  6:49  Pylon, Photon Cannon  
  94  6:53  Probe (Chrono Boost)  
  95  6:54  Photon Cannon  
  95  6:55  Photon Cannon  
  95  6:57  Pylon  
  101  7:10  Photon Cannon  
  94  7:41  Pylon  
  94  7:42  Pylon  
  91  7:45  Pylon  
  91  7:47  Pylon  
Tags
 
Add a new tag
Caveats
  • Supply blocks, unpowered buildings, or Contaminate may cause inaccurate times.
  • Supply counts are checked every 10 seconds.